Map: Temple gelé

Players

ric - Winner!

  • Race: Protoss Protoss
  • League: Gold

pupu

  • Race: Protoss Protoss
  • League: Gold

VOD

Have the link to the VOD?

Description

Time

  • Played on: April 19, 2016, 9:14 a.m.
  • Length: 4:03
Show
View Real Time Build Order
Export as new Build Order

ric Protoss - Winner!

Build Orders:  

Get SALT Encoding   

  12  0:02  Probe (Chrono Boost)  
  13  0:13  Probe (Chrono Boost)  
  14  0:23  Probe (Chrono Boost)  
  14  0:25  Pylon  
  15  0:43  Probe (Chrono Boost)  
  15  0:45  Forge  
  16  0:52  Gateway  
  16  1:01  Pylon  
  16  1:14  Probe (Chrono Boost)  
  17  1:25  Probe (Chrono Boost)  
  18  1:29  Photon Cannon  
  18  1:35  Probe (Chrono Boost)  
  19  1:43  Photon Cannon  
  19  1:46  Probe (Chrono Boost)  
  20  2:04  Pylon  
  20  2:06  Zealot (Chrono Boost)  
  22  2:25  Photon Cannon  
  22  2:27  Photon Cannon  
  22  2:32  Photon Cannon, Zealot (Chrono Boost)  
  22  2:34  Pylon  
  24  2:48  Assimilator  
  24  2:55  Photon Cannon, Zealot (Chrono Boost)  
  26  3:04  Photon Cannon  
  26  3:14  Photon Cannon  
  26  3:28  Photon Cannon  
  26  3:33  Photon Cannon  
  26  3:40  Photon Cannon  
  26  3:50  Photon Cannon  
  26  3:56  Pylon  
Show
View Real Time Build Order
Export as new Build Order

pupu Protoss 

Build Orders:  

Get SALT Encoding   

  12  0:01  Probe (Chrono Boost)  
  13  0:11  Probe (Chrono Boost)  
  14  0:18  Pylon  
  14  0:22  Probe (Chrono Boost)  
  15  0:36  Probe (Chrono Boost)  
  15  0:37  Gateway  
  16  0:46  Probe (Chrono Boost)  
  17  0:52  Assimilator  
  17  0:57  Probe (Chrono Boost)  
  18  1:14  Probe (Chrono Boost)  
  19  1:25  Probe (Chrono Boost)  
  20  1:31  Zealot (Chrono Boost)  
  22  1:35  Probe  
  23  1:43  Pylon  
  23  1:47  Assimilator  
  23  1:51  Cybernetics Core  
  22  2:17  Probe  
  22  2:19  Zealot (Chrono Boost)  
  23  2:29  Gateway  
  25  2:37  Mothership Core  
  25  2:41  Gateway  
  25  2:43  Gateway  
  25  2:44  Gateway  
  25  2:47  Gateway  
  22  3:19  Pylon  
  24  3:30  Stalker (Chrono Boost)  
  24  3:32  Stalker (Chrono Boost)  
  28  3:36  Stalker (Chrono Boost)  
Tags
 
League
GoldGold
Matchup
PvP
Add a new tag
Caveats
  • Supply blocks, unpowered buildings, or Contaminate may cause inaccurate times.
  • Supply counts are checked every 10 seconds.